 Dungeon Crawl Stone Soup version 0.30.0-11-gf55b779eaf (webtiles) character file.

Game seed: 17327672663907617623

50 Firecrotchwizard the Chopper (level 3, -2/33 HPs)
             Began as a Hill Orc Monk on May 17, 2023.
             Slain by Ijyb
             ... wielding a +0 dagger
              (6 damage)
             ... on level 3 of the Dungeon.
             The game lasted 00:01:56 (966 turns).

Firecrotchwizard the Chopper (Hill Orc Monk)         Turns: 966, Time: 00:01:57

Health: -2/33      AC:  5    Str: 15    XL:     3   Next: 79%
Magic:  3/3        EV: 11    Int: 10    God:
Gold:   71         SH:  0    Dex: 13    Spells: 2/2 levels left

rFire   . . .        a - +0 hand axe
rCold   . . .        d - orb {light}
rNeg    . . .        l - +0 ring mail
rPois   .            (no helmet)
rElec   .            (no cloak)
rCorr   .            (no gloves)
SInv    .            (no boots)
Will    +....        n - amulet of faith
Stlth   +            h - ring of willpower
HPRegen 0.25/turn    (no ring)
MPRegen 0.08/turn

%: faith
@: glowing
A: no striking features
a: no special abilities


You were on level 3 of the Dungeon.
You visited 1 branch of the dungeon, and saw 3 of its levels.

You collected 71 gold pieces.

Inventory:

Hand Weapons
 a - a +0 hand axe (weapon)
Missiles
 o - a poisoned dart (quivered)
Armour
 b - a +0 robe
 d - an orb of light (worn)
 l - a +0 ring mail (worn)
Jewellery
 h - a ring of willpower (left hand)
 n - an amulet of faith (around neck)
Scrolls
 e - a scroll of identify {unknown}
 i - 2 scrolls of immolation {unknown}
 j - a scroll of teleportation {unknown}
 k - 2 scrolls of fear {unknown}
Potions
 c - a potion of ambrosia
 f - a potion of cancellation {unknown}
 g - 2 potions of flight {unknown}
 m - a potion of resistance {unknown}


   Skills:
 + Level 4.1 Fighting
 * Level 5.2 Axes
 + Level 1.5 Armour
 - Level 2.4 Dodging


You had 2 spell levels left.
You didn't know any spells.
Your spell library was empty.

Dungeon Overview and Level Annotations

Branches:
Dungeon (3/15)

Altars:

Annotations:
D:3 3 runed translucent doors, Ijyb


Message History

Ijyb is heavily wounded.
Ijyb hits you with a +0 dagger.
You hit Ijyb but do no damage.
Ijyb is heavily wounded.
Ijyb barely misses you.
You hit Ijyb but do no damage.
Ijyb is heavily wounded.
Ijyb closely misses you.
You hit Ijyb but do no damage.
Ijyb is heavily wounded.
Ijyb hits you but does no damage.
You hit Ijyb but do no damage.
Ijyb is heavily wounded.
Ijyb barely misses you.
You hit Ijyb but do no damage.
Ijyb is heavily wounded.
Ijyb hits you but does no damage.
You hit Ijyb.
Ijyb is heavily wounded.
Ijyb hits you with a +0 dagger.
You hit Ijyb but do no damage.
Ijyb is heavily wounded.
Ijyb hits you with a +0 dagger. x2
You hit Ijyb but do no damage.
Ijyb is heavily wounded.
Ijyb hits you with a +0 dagger.
* * * LOW HITPOINT WARNING * * *
You hit Ijyb but do no damage.
Ijyb is heavily wounded.
Ijyb misses you.
You barely miss Ijyb.
Ijyb is heavily wounded.
Ijyb closely misses you.
Unknown command.
You hit Ijyb but do no damage.
Ijyb is heavily wounded.
Ijyb completely misses you.
You hit Ijyb but do no damage.
Ijyb is heavily wounded.
Ijyb hits you with a +0 dagger.
* * * LOW HITPOINT WARNING * * *
You hit Ijyb but do no damage.
Ijyb is heavily wounded.
Ijyb hits you with a +0 dagger.
* * * LOW HITPOINT WARNING * * *
You barely miss Ijyb.
Ijyb is heavily wounded.
Ijyb hits you with a +0 dagger.
* * * LOW HITPOINT WARNING * * *
You hit Ijyb but do no damage.
Ijyb is heavily wounded.
Ijyb hits you but does no damage.
You hit Ijyb but do no damage.
Ijyb is heavily wounded.
Ijyb hits you with a +0 dagger.
* * * LOW HITPOINT WARNING * * *
You hit Ijyb but do no damage.
Ijyb is heavily wounded.
Ijyb hits you with a +0 dagger.
* * * LOW HITPOINT WARNING * * *
You hit Ijyb but do no damage.
Ijyb is heavily wounded.
Ijyb misses you.
Unknown command.
You hit Ijyb.
Ijyb is severely wounded.
Ijyb hits you with a +0 dagger.
* * * LOW HITPOINT WARNING * * *
You barely miss Ijyb.
Ijyb is severely wounded.
Ijyb closely misses you.
Unknown command.
You hit Ijyb but do no damage.
Ijyb is severely wounded.
Ijyb hits you with a +0 dagger.
* * * LOW HITPOINT WARNING * * *
You hit Ijyb.
Ijyb is severely wounded.
Ijyb closely misses you.
Unknown command.
You hit Ijyb but do no damage.
Ijyb is severely wounded.
Ijyb hits you but does no damage.
Unknown command.
You hit Ijyb.
Ijyb is almost dead.
Ijyb hits you but does no damage.
Unknown command.
You hit Ijyb but do no damage.
Ijyb is almost dead.
Ijyb misses you.
Unknown command.
You hit Ijyb but do no damage.
Ijyb is almost dead.
Ijyb hits you but does no damage.
Unknown command.
You hit Ijyb but do no damage.
Ijyb is almost dead.
Ijyb hits you with a +0 dagger.
You die...

.......(......≈
..#..........§§
.............§≈
.............§≈≈≈≈≈≈
.......(............
.......(..........#
#....g†.........#.....
#....@..........#.....
##....#####...........
#.>....##†...# #.....
..####.##.##.####.#.....
............)..>...#.....
....######.##.#.####.....
.# #.##.#.######<#.
#....#.#........
#######.#........


You could see Ijyb.

Vanquished Creatures
  An adder (D:3)
  A dart slug (D:1)
  3 bats
  3 endoplasms
  3 giant cockroaches
  5 hobgoblins
  3 ball pythons (D:1)
  A frilled lizard (D:1)
  6 goblins
  5 kobolds
  4 rats (D:1)
35 creatures vanquished.

Notes
Turn   | Place    | Note
-------+----------+-------------------------------------------
     0 | D:1      | Firecrotchwizard the Hill Orc Monk began the quest for the
                  | Orb.
     0 | D:1      | Reached XP level 1. HP: 19/19 MP: 1/1
   124 | D:1      | Reached XP level 2. HP: 9/27 MP: 2/2
   238 | D:1      | Found a faded altar of an unknown god.
   293 | D:1      | Reached skill level 1 in Armour
   461 | D:1      | Reached XP level 3. HP: 33/33 MP: 3/3
   754 | D:2      | Reached skill level 5 in Axes
   883 | D:3      | Found a runed translucent gate.
   883 | D:3      | Found a runed translucent gate.
   883 | D:3      | Found a runed translucent gate.
   921 | D:3      | Noticed Ijyb
   966 | D:3      | Slain by Ijyb

Illustrated notes

Levels and vault maps discovered:
D:1:      kilobyte_arrival_exit_the_forest, layout_rooms,
          hellmonk_ecumenical_altar_prayer_group, minmay_pentomino_z4
D:2:      layout_loops_corners, basic_altar, serial_shops, shop,
          kennysheep_cross_room, uniq_terence, uniq_sigmund, uniq_jessica
D:3:      layout_basic, mainiacjoe_overflow_brackets, serial_shops,
          nicolae_shop_rolled_up, gammafunk_ghost_necromancy,
          amcnicky_mini_pool_small, uniq_grinder, uniq_ijyb

Skill      XL: |  1  2  3 |
---------------+----------+-----
Armour         | 1 |  1.5
Fighting       | 4 |  4.1
Axes           | 5 |  5.2
Dodging        | |  2.4

Action                     || total
---------------------------++-------
  Melee: Hand axe          ||   121
  Throw: Dart              ||     4
 Armour: Robe              ||     6
         Ring mail         ||    24
  Dodge: Dodged            ||    69
